| TOP OF THE 1ST |
|
Guadalajara Marianchis batting - Pitching for Port-au-Prince Pirates : RHP Linvel Mosby
|
|
Pitching: RHP Linvel Mosby
|
|
|
Batting: RHB Jack Lopez
|
0-0: SINGLE (Line Drive, 4MD, EV 100.0 MPH)
|
|
Batting: RHB Steven Patterson
|
0-0: Called Strike 0-1: Ball 1-1: Called Strike 1-2: Foul Ball, location: 2F 1-2: SINGLE (Line Drive, 89S, EV 91.3 MPH) Jack Lopez to second Runner from 2nd tries for 3rd, SAFE, no throw by CF
|
|
Batting: SHB Spike Owen
|
0-0: Ball 1-0: Ball 2-0: Ball 3-0: Base on Balls Steven Patterson to second
|
|
Batting: RHB George Foussianes
|
0-0: Ball 1-0: Foul Ball, location: 2F 1-1: Swinging Strike 1-2: Strikes out swinging
|
|
Batting: RHB Mark Maher
|
0-0: Called Strike 0-1: Ball 1-1: Swinging Strike 1-2: Ball 2-2: Fly out, F9 (Flyball, 9LM, EV 87.5 MPH) Runner from 3rd tags up, SCORES, throw by RF Steven Patterson to third
|
|
Batting: RHB Jeff Rudolph
|
0-0: Ball 1-0: Foul Ball, location: 2F 1-1: Ball 2-1: Single, Error in OF, E8, batter to second base (Line Drive, 8RS, EV 101.9 MPH) Steven Patterson scores Spike Owen to third
|
|
Batting: LHB Erik Nelson
|
0-0: Ball 1-0: Called Strike 1-1: Ball 2-1: Ball 3-1: Foul Ball, location: 2F 3-2: Foul Ball, location: 2F 3-2: Base on Balls
|
|
Batting: RHB Jose Gonzalez
|
0-0: Fielders Choice at 2nd, 5-4 (Groundball, 5, EV 98.8 MPH)
|
| Top of the 1st over - 2 runs, 3 hits, 1 error, 3 left on base; Guadalajara 2 - Port-au-Prince 0 |
| BOTTOM OF THE 1ST |
|
Port-au-Prince Pirates batting - Pitching for Guadalajara Marianchis : RHP Richard Egan
|
|
Pitching: RHP Richard Egan
|
|
|
Batting: RHB Robert Duran
|
0-0: Fly out, F9 (Flyball, 9LM, EV 93.8 MPH)
|
|
Batting: RHB Bobby Miscik
|
0-0: Ball 1-0: Ball 2-0: Swinging Strike 2-1: SINGLE (Line Drive, 89S, EV 103.1 MPH)
|
|
Batting: RHB Dennis Tiefenthaler
|
0-0: Ball 1-0: Ball 2-0: Called Strike 2-1: Foul Ball, location: 2F 2-2: Ball 3-2: Base on Balls Bobby Miscik to second
|
|
Batting: LHB John Edmonds
|
0-0: Ball 1-0: Ball 2-0: Ball 3-0: Called Strike 3-1: Base on Balls Bobby Miscik to third Dennis Tiefenthaler to second
|
|
Batting: RHB Ronald Carapezzi
|
0-0: Called Strike 0-1: Called Strike 0-2: DOUBLE (Line Drive, 78D, EV 102.5 MPH) Bobby Miscik scores Dennis Tiefenthaler scores John Edmonds to third Runner from 3rd tries for Home, SAFE, throw by LF to trailing runner, SAFE at third!
|
|
Batting: SHB Thomas Colburn
|
0-0: Foul Ball, location: 2F 0-1: Ball 1-1: Foul Ball, location: 2F 1-2: Strikes out looking
|
|
Batting: RHB Augie Schmidt
|
0-0: Ball 1-0: Foul Ball, location: 2F 1-1: Fly out, F7 (Flyball, 78M, EV 97.5 MPH)
|
| Bottom of the 1st over - 3 runs, 2 hits, 0 errors, 1 left on base; Guadalajara 2 - Port-au-Prince 3 |
| TOP OF THE 2ND |
|
Guadalajara Marianchis batting - Pitching for Port-au-Prince Pirates : RHP Linvel Mosby
|
|
Batting: LHB Arnulfo Camacho
|
0-0: Called Strike 0-1: Ground out 4-3 (Groundball, 4, EV 106.9 MPH)
|
|
Batting: RHB Jack Lopez
|
0-0: Ball 1-0: Ball 2-0: Foul Ball, location: 2F 2-1: Called Strike 2-2: Ball 3-2: Base on Balls
|
|
Batting: RHB Steven Patterson
|
0-0: Called Strike 0-1: Called Strike 0-2: Ball 1-2: Fly out, F8 (Flyball, 8LD, EV 106.3 MPH)
|
|
Batting: SHB Spike Owen
|
0-0: Ball 1-0: Ball 2-0: Foul Ball, location: 2F 2-1: Called Strike 2-2: Foul Ball, location: 2F 2-2: Ground out 4-3 (Groundball, 4, EV 83.8 MPH)
|
| Top of the 2nd over - 0 runs, 0 hits, 0 errors, 1 left on base; Guadalajara 2 - Port-au-Prince 3 |
| BOTTOM OF THE 2ND |
|
Port-au-Prince Pirates batting - Pitching for Guadalajara Marianchis : RHP Richard Egan
|
|
Batting: RHB Gerry Melillo
|
0-0: Foul Ball, location: 2F 0-1: Ball 1-1: Swinging Strike 1-2: Ball 2-2: Strikes out swinging, 2-3 out at first.
|
|
Batting: SHB Michael Kennedy
|
0-0: Called Strike 0-1: Ball 1-1: Foul Ball, location: 2F 1-2: Fly out, F8 (Line Drive, 8LM, EV 98.1 MPH)
|
|
Batting: RHB Robert Duran
|
0-0: Called Strike 0-1: Foul Ball, location: 2F 0-2: Ball 1-2: Foul Ball, location: 2F 1-2: Foul Ball, location: 2F 1-2: Foul Ball, location: 2F 1-2: Ground out 1-3 (Groundball, 34S, EV 71.9 MPH)
|
| Bottom of the 2nd over - 0 runs, 0 hits, 0 errors, 0 left on base; Guadalajara 2 - Port-au-Prince 3 |
| TOP OF THE 3RD |
|
Guadalajara Marianchis batting - Pitching for Port-au-Prince Pirates : RHP Linvel Mosby
|
|
Batting: RHB George Foussianes
|
0-0: DOUBLE (Line Drive, 89D, EV 101.3 MPH)
|
|
Batting: RHB Mark Maher
|
0-0: Ball 1-0: Ball Wild Pitch! George Foussianes to third 2-0: Ball 3-0: Called Strike 3-1: Base on Balls
|
|
Batting: RHB Jeff Rudolph
|
0-0: Swinging Strike 0-1: Swinging Strike 0-2: Ball 1-2: Strikes out swinging
|
|
Batting: LHB Erik Nelson
|
0-0: Fly out, F7 (Flyball, 7, EV 85.0 MPH) Runner from 3rd tags up, OUT at HOME! 7-2
|
| Top of the 3rd over - 0 runs, 1 hit, 0 errors, 1 left on base; Guadalajara 2 - Port-au-Prince 3 |
| BOTTOM OF THE 3RD |
|
Port-au-Prince Pirates batting - Pitching for Guadalajara Marianchis : RHP Richard Egan
|
|
Batting: RHB Bobby Miscik
|
0-0: Called Strike 0-1: Ball 1-1: Swinging Strike 1-2: Ground out 6-3 (Groundball, 6, EV 89.4 MPH)
|
|
Batting: RHB Dennis Tiefenthaler
|
0-0: Ball 1-0: Ball 2-0: Called Strike 2-1: Called Strike 2-2: Ball 3-2: Strikes out swinging
|
|
Batting: LHB John Edmonds
|
0-0: Ball 1-0: Called Strike 1-1: Ball 2-1: Ball 3-1: Foul Ball, location: 2F 3-2: Base on Balls
|
|
Batting: RHB Ronald Carapezzi
|
0-0: Ball 1-0: Called Strike 1-1: Swinging Strike 1-2: Strikes out swinging
|
| Bottom of the 3rd over - 0 runs, 0 hits, 0 errors, 1 left on base; Guadalajara 2 - Port-au-Prince 3 |
| TOP OF THE 4TH |
|
Guadalajara Marianchis batting - Pitching for Port-au-Prince Pirates : RHP Linvel Mosby
|
|
Batting: RHB Jose Gonzalez
|
0-0: Fly out, F3 (Line Drive, 3, EV 68.1 MPH)
|
|
Batting: LHB Arnulfo Camacho
|
0-0: Ball 1-0: Fly out, F2 (Popup, 15S, EV 89.4 MPH)
|
|
Batting: RHB Jack Lopez
|
0-0: Ball 1-0: Ground out 3-1 (Groundball, 34, EV 105.0 MPH)
|
| Top of the 4th over - 0 runs, 0 hits, 0 errors, 0 left on base; Guadalajara 2 - Port-au-Prince 3 |
| BOTTOM OF THE 4TH |
|
Port-au-Prince Pirates batting - Pitching for Guadalajara Marianchis : RHP Richard Egan
|
|
Batting: SHB Thomas Colburn
|
0-0: Swinging Strike 0-1: Swinging Strike 0-2: Ball 1-2: Ball 2-2: Strikes out swinging
|
|
Batting: RHB Augie Schmidt
|
0-0: Called Strike 0-1: Ground out U3 (Groundball, 3L, EV 106.3 MPH)
|
|
Batting: RHB Gerry Melillo
|
0-0: Ball 1-0: Swinging Strike 1-1: Ball 2-1: Swinging Strike 2-2: Ball 3-2: Strikes out swinging
|
| Bottom of the 4th over - 0 runs, 0 hits, 0 errors, 0 left on base; Guadalajara 2 - Port-au-Prince 3 |
| TOP OF THE 5TH |
|
Guadalajara Marianchis batting - Pitching for Port-au-Prince Pirates : RHP Linvel Mosby
|
|
Batting: RHB Steven Patterson
|
0-0: Ball 1-0: Ball 2-0: Fly out, F7 (Line Drive, 7, EV 93.8 MPH)
|
|
Batting: SHB Spike Owen
|
0-0: Ball 1-0: Called Strike 1-1: Ground out U3 (Groundball, 3, EV 79.4 MPH)
|
|
Batting: RHB George Foussianes
|
0-0: Called Strike 0-1: Ball 1-1: Ball 2-1: Ball 3-1: Called Strike 3-2: Foul Ball, location: 2F 3-2: Foul Ball, location: 2F 3-2: Foul Ball, location: 2F 3-2: Base on Balls
|
|
Batting: RHB Mark Maher
|
0-0: Foul Ball, location: 2F 0-1: Ball 1-1: Ball 2-1: Fly out, F8 (Flyball, 78D, EV 103.8 MPH)
|
| Top of the 5th over - 0 runs, 0 hits, 0 errors, 1 left on base; Guadalajara 2 - Port-au-Prince 3 |
| BOTTOM OF THE 5TH |
|
Port-au-Prince Pirates batting - Pitching for Guadalajara Marianchis : RHP Richard Egan
|
|
Batting: SHB Michael Kennedy
|
0-0: Called Strike 0-1: Foul Ball, location: 2F 0-2: SINGLE (Line Drive, 9LS, EV 102.5 MPH)
|
|
Batting: RHB Robert Duran
|
0-0: Called Strike 0-1: Ball 1-1: Foul Ball, location: 2F 1-2: Strikes out swinging
|
|
Batting: RHB Bobby Miscik
|
0-0: Ball 1-0: Called Strike 1-1: Ball 2-1: Called Strike 2-2: SINGLE (Line Drive, 89M, EV 105.0 MPH) Michael Kennedy to second
|
|
Batting: RHB Dennis Tiefenthaler
|
0-0: Ball 1-0: Ball 2-0: Ball 3-0: Base on Balls Michael Kennedy to third Bobby Miscik to second
|
|
Batting: LHB John Edmonds
|
0-0: Called Strike 0-1: Called Strike 0-2: Ball 1-2: Strikes out swinging
|
|
Batting: RHB Ronald Carapezzi
|
0-0: Ball 1-0: Foul Ball, location: 2F 1-1: Ball 2-1: Ball 3-1: Foul Ball, location: 2F 3-2: Base on Balls Michael Kennedy scores Bobby Miscik to third Dennis Tiefenthaler to second
|
|
Pitching: LHP Richard Cope
|
|
|
Batting: SHB Thomas Colburn
|
0-0: Ball 1-0: Swinging Strike 1-1: Ball 2-1: Ground out 6-3 (Groundball, 6S, EV 74.4 MPH)
|
| Bottom of the 5th over - 1 run, 2 hits, 0 errors, 3 left on base; Guadalajara 2 - Port-au-Prince 4 |
| TOP OF THE 6TH |
|
Guadalajara Marianchis batting - Pitching for Port-au-Prince Pirates : RHP Linvel Mosby
|
|
Batting: RHB Jeff Rudolph
|
0-0: Ball 1-0: Ball 2-0: Swinging Strike 2-1: Ball 3-1: Base on Balls
|
|
Batting: LHB Erik Nelson
|
0-0: Ball 1-0: Ball 2-0: Ball 3-0: Called Strike 3-1: Foul Ball, location: 2F 3-2: Foul Ball, location: 2F 3-2: Fly out, F1 (Line Drive, P, EV 68.1 MPH)
|
|
Batting: RHB Jose Gonzalez
|
0-0: Ball 1-0: Called Strike 1-1: Foul Ball, location: 2F 1-2: Ball 2-2: Strikes out swinging
|
|
Pitching: RHP Michael Morrissey
|
|
|
Batting: LHB Arnulfo Camacho
|
0-0: Ball 1-0: Ball 2-0: Swinging Strike 2-1: Ball 3-1: Called Strike 3-2: Strikes out swinging
|
| Top of the 6th over - 0 runs, 0 hits, 0 errors, 1 left on base; Guadalajara 2 - Port-au-Prince 4 |
| BOTTOM OF THE 6TH |
|
Port-au-Prince Pirates batting - Pitching for Guadalajara Marianchis : LHP Richard Cope
|
|
Batting: RHB Augie Schmidt
|
0-0: Ball 1-0: Called Strike 1-1: Fly out, F9 (Flyball, 9, EV 88.1 MPH)
|
|
Batting: RHB Gerry Melillo
|
0-0: Ground out 4-3 (Groundball, 4, EV 85.6 MPH)
|
|
Batting: SHB Michael Kennedy
|
0-0: Swinging Strike 0-1: SINGLE (Flyball, 8RS, EV 92.5 MPH)
|
|
Batting: RHB Robert Duran
|
0-0: Ball 1-0: Foul Ball, location: 2F 1-1: Ball 2-1: Called Strike 2-2: Foul Ball, location: 2F 2-2: Ball 3-2: Foul Ball, location: 2F 3-2: Base on Balls Michael Kennedy to second
|
|
Batting: RHB Bobby Miscik
|
0-0: Ball 1-0: Ball 2-0: Fly out, F8 (Flyball, 8LD, EV 86.3 MPH)
|
| Bottom of the 6th over - 0 runs, 1 hit, 0 errors, 2 left on base; Guadalajara 2 - Port-au-Prince 4 |
| TOP OF THE 7TH |
|
Guadalajara Marianchis batting - Pitching for Port-au-Prince Pirates : RHP Michael Morrissey
|
|
Batting: RHB Jack Lopez
|
0-0: Ball 1-0: Ball 2-0: Ball 3-0: Base on Balls
|
|
Batting: RHB Steven Patterson
|
0-0: Ball 1-0: Ball Jack Lopez steals 2nd base (no throw) 2-0: Called Strike 2-1: Called Strike 2-2: Strikes out swinging
|
|
Batting: SHB Spike Owen
|
0-0: Ball 1-0: Fly out, F4 (Flyball, 3D, EV 88.8 MPH)
|
|
Batting: RHB George Foussianes
|
0-0: Ball 1-0: Foul Ball, location: 2F 1-1: Ground out 6-3 (Groundball, P, EV 88.1 MPH)
|
| Top of the 7th over - 0 runs, 0 hits, 0 errors, 1 left on base; Guadalajara 2 - Port-au-Prince 4 |
| BOTTOM OF THE 7TH |
|
Port-au-Prince Pirates batting - Pitching for Guadalajara Marianchis : LHP Richard Cope
|
|
Batting: RHB Dennis Tiefenthaler
|
0-0: Ball 1-0: Called Strike 1-1: Ball 2-1: Ball 3-1: Foul Ball, location: 2F 3-2: Base on Balls
|
|
Batting: LHB John Edmonds
|
0-0: Ball 1-0: Ball 2-0: DOUBLE (Groundball, 5L, EV 93.8 MPH) Dennis Tiefenthaler to third Runner from 3rd tries for Home, SAFE, throw by LF to home
|
|
Batting: RHB Ronald Carapezzi
|
0-0: Intentional Walk
|
|
Batting: SHB Thomas Colburn
|
0-0: Called Strike 0-1: Called Strike 0-2: Ball 1-2: Strikes out looking
|
|
Batting: RHB Augie Schmidt
|
0-0: Called Strike 0-1: Swinging Strike 0-2: Foul Ball, location: 2F 0-2: SINGLE (Groundball, 34D, EV 94.4 MPH) John Edmonds to third Ronald Carapezzi to second Runner from 3rd tries for Home, SAFE, throw by RF to home
|
|
Batting: RHB Gerry Melillo
|
0-0: Fly out, F6 (Flyball, 6MD, EV 80.0 MPH)
|
|
Batting: SHB Michael Kennedy
|
0-0: SINGLE (Line Drive, 8LM, EV 88.1 MPH) Ronald Carapezzi to third Augie Schmidt to second Runner from 3rd tries for Home, SAFE, throw by CF to home
|
|
Batting: RHB Robert Duran
|
0-0: Ball 1-0: Ball 2-0: Ball 3-0: Base on Balls Augie Schmidt to third Michael Kennedy to second
|
|
Pitching: LHP Giralldo Palmeira
|
|
|
Batting: RHB Bobby Miscik
|
0-0: Foul Ball, location: 2F 0-1: Ball 1-1: Ball 2-1: Foul Ball, location: 2F 2-2: Ball 3-2: Fly out, F6 (Flyball, 6MD, EV 90.6 MPH)
|
| Bottom of the 7th over - 3 runs, 3 hits, 0 errors, 3 left on base; Guadalajara 2 - Port-au-Prince 7 |
| TOP OF THE 8TH |
|
Guadalajara Marianchis batting - Pitching for Port-au-Prince Pirates : RHP Michael Morrissey
|
|
Batting: RHB Mark Maher
|
0-0: Called Strike 0-1: Ball 1-1: Foul Ball, location: 2F 1-2: Foul Ball, location: 2F 1-2: Strikes out swinging
|
|
Batting: RHB Jeff Rudolph
|
0-0: Called Strike 0-1: Ball 1-1: SINGLE (Flyball, 56D, EV 93.1 MPH)
|
|
Batting: LHB Erik Nelson
|
0-0: Called Strike 0-1: Swinging Strike 0-2: Foul Ball, location: 2F 0-2: Ball 1-2: Strikes out swinging
|
|
Pitching: LHP Daniel Brown
|
|
|
Batting: RHB Jose Gonzalez
|
0-0: Ball 1-0: Ball 2-0: Called Strike 2-1: Ball 3-1: Base on Balls Jeff Rudolph to second
|
|
Batting: LHB Arnulfo Camacho
|
0-0: Called Strike 0-1: Ball 1-1: Fly out, F5 (Line Drive, 5, EV 66.3 MPH)
|
| Top of the 8th over - 0 runs, 1 hit, 0 errors, 2 left on base; Guadalajara 2 - Port-au-Prince 7 |
| BOTTOM OF THE 8TH |
|
Port-au-Prince Pirates batting - Pitching for Guadalajara Marianchis : LHP Giralldo Palmeira
|
|
Batting: RHB Dennis Tiefenthaler
|
0-0: Called Strike 0-1: Ball 1-1: Ball 2-1: Ball 3-1: Foul Ball, location: 2F 3-2: Foul Ball, location: 2F 3-2: Base on Balls
|
|
Batting: LHB John Edmonds
|
0-0: Foul Ball, location: 2F 0-1: SINGLE (Groundball, 4M, EV 90.0 MPH) (infield hit) Dennis Tiefenthaler to second
|
|
Batting: RHB Ronald Carapezzi
|
0-0: Ball 1-0: Fielders Choice at 2nd, 1-6 (Groundball, 34S, EV 68.8 MPH) Dennis Tiefenthaler to third
|
|
Batting: SHB Thomas Colburn
|
0-0: Ball 1-0: Fly out, F2 (Popup, 2R, EV 94.4 MPH)
|
|
Batting: RHB Augie Schmidt
|
0-0: Ground out 6-3 (Groundball, 56, EV 81.3 MPH)
|
| Bottom of the 8th over - 0 runs, 1 hit, 0 errors, 2 left on base; Guadalajara 2 - Port-au-Prince 7 |
| TOP OF THE 9TH |
|
Guadalajara Marianchis batting - Pitching for Port-au-Prince Pirates : LHP Daniel Brown
|
|
Batting: RHB Jack Lopez
|
0-0: Called Strike 0-1: Ball 1-1: Foul Ball, location: 2F 1-2: Ball 2-2: Strikes out swinging
|
|
Batting: RHB Steven Patterson
|
0-0: Called Strike 0-1: Ball 1-1: Called Strike 1-2: Ball 2-2: Ball 3-2: Foul Ball, location: 2F 3-2: Base on Balls
|
|
Batting: SHB Spike Owen
|
0-0: Ground out U3 (Groundball, 34S, EV 63.8 MPH) Steven Patterson to second
|
|
Batting: RHB George Foussianes
|
0-0: Ball 1-0: Called Strike 1-1: Swinging Strike 1-2: Fly out, F8 (Line Drive, 8RD, EV 86.3 MPH)
|
| Top of the 9th over - 0 runs, 0 hits, 0 errors, 1 left on base; Guadalajara 2 - Port-au-Prince 7 |
|